 Dungeon Crawl Stone Soup version 0.29-a0-321-gf1c400731a (webtiles) character file.

Game seed: 3581725433118734155

2809 sammy202020 the Skirmisher (level 9, -2/72 HPs)
             Began as a Demonspawn Berserker on Apr 4, 2022.
             Was a Priest of Trog.
             Slain by a wyvern (9 damage)
             ... on level 8 of the Dungeon.
             The game lasted 00:09:24 (7146 turns).

sammy202020 the Skirmisher (Demonspawn Berserker)   Turns: 7146, Time: 00:09:24

Health: -2/72      AC: 14    Str: 20    XL:     9   Next: 44%
Magic:  9/9        EV:  7    Int: 10    God:    Trog [***...]
Gold:   279        SH:  3    Dex: 13    Spells: 8/8 levels left

rFire   . . .      SeeInvis +   f - +2 broad axe (vorpal)
rCold   . . .      Faith    .   o - +0 buckler
rNeg    . . .      Spirit   .   E - +0 plate armour
rPois   +          Reflect  .   s - +0 helmet
rElec   .          Harm     .   (no cloak)
rCorr   .          Rampage  .   (no gloves)
Will    .....                   (no boots)
Stlth   ..........              (no amulet)
HPRegen 0.22/turn               r - ring of poison resistance
MPRegen 0.11/turn               q - ring of see invisible

@: mighty, slowed, very slow
A: foul stench 2, spiny 1
a: Renounce Religion, Berserk, Trog's Hand


You were on level 8 of the Dungeon.
You worshipped Trog.
Trog was most pleased with you.
You visited 1 branch of the dungeon, and saw 8 of its levels.

You collected 454 gold pieces.
You spent 175 gold pieces at shops.

Inventory:

Hand Weapons
 a - a +0 hand axe
 f - a +2 vorpal broad axe (weapon)
 m - a +0 flail of electrocution
Missiles
 n - a curare-tipped dart
 t - 17 poisoned darts (quivered)
 u - a throwing net
 v - 2 boomerangs
 z - 4 javelins
 B - 2 atropa-tipped darts
Armour
 o - a +0 buckler (worn)
 s - a +0 helmet (worn)
 E - a +0 plate armour (worn)
Jewellery
 l - a +4 ring of evasion
 q - a ring of see invisible (right hand)
 r - a ring of poison resistance (left hand)
Wands
 y - a wand of flame (13)
 C - a wand of digging (6)
 F - a wand of mindburst (19)
Scrolls
 w - a scroll of blinking
 x - 2 scrolls of teleportation
 D - a scroll of identify
Potions
 b - a potion of mutation
 c - 2 potions of might
 d - 4 potions of flight
 e - 2 potions of lignification
 g - 3 potions of invisibility
 h - a potion of attraction {unknown}
 i - 5 potions of curing
 j - 2 potions of heal wounds {unknown}
 k - a potion of berserk rage {unknown}
 p - 2 potions of brilliance
 A - a potion of degeneration {unknown}


   Skills:
 * Level 7.5 Fighting
 * Level 7.0 Axes
 * Level 6.5 Armour
 + Level 4.8 Dodging


You had 8 spell levels left.
You didn't know any spells.
Your spell library was empty.

Dungeon Overview and Level Annotations

Branches:
Dungeon (8/15)             Temple (0/1) D:6
   Lair: D:8-11

Altars:
Okawaru
Xom

Shops:
D:3 ?:   D:6 (??

Annotations:
D:8 Erica


Innate Abilities, Weirdness & Mutations

You sometimes emit foul miasma when damaged in melee.
You are partially covered in sharp spines.


Message History

Items here: ( ))) †.
There is an open door here.
Erica the Fiery-Tempered comes into view.
She is wielding a +4 scimitar of flaming.
Erica is nearby!
Erica shouts!
You hear an angry hiss.
A wyvern comes into view.
You slash Erica!
Erica is moderately wounded.
Erica casts a spell at you.
You feel yourself slow down.
You barely miss Erica.
Erica is moderately wounded.
The wyvern is struck by your spines.
The wyvern bites you but does no damage.
Erica gestures at you while chanting.
You are confused.
Erica hits you but does no damage. The wyvern is struck by your spines.
The wyvern bites you!
Okay, then.
You're too confused to move!
The wyvern is struck by your spines.
The wyvern bites you but does no damage.
Erica hits you with a +4 scimitar of flaming.
Erica burns you. The wyvern completely misses you. Erica barely misses you.
The wyvern is struck by your spines. The wyvern bites you!
Erica attacks as you move away!
Erica hits you with a +4 scimitar of flaming!
Erica burns you. The wyvern bites you. The wyvern attacks as you move away!
The wyvern is struck by your spines. The wyvern bites you!
The wyvern is struck by your spines.
The wyvern bites you but does no damage.
Erica is struck by your spines.
Erica hits you with a +4 scimitar of flaming!
* * * LOW HITPOINT WARNING * * *
Erica burns you.
* * * LOW HITPOINT WARNING * * *
Okay, then.
You feel very mighty all of a sudden.
You feel less confused.
The wyvern bites you but does no damage.
The wyvern bites you!
You die...

#................ .......
..............#.
........................#.
#............#..........#.
.............#............
........#....#........≈≈≈≈
........##...........≈≈≈≈≈
##......##...........≈≈≈≈≈
........l@..........).....
........@......#...))###..
...............#..........
...............#..........
..###..........#..........
. .'...≈......'..........
♣♣♣♣♣♣♣♣♣....#####......
♣....# ####### ♣≈####


You could see Erica and a wyvern.

Vanquished Creatures
  Grinder (D:4)
  A wraith (D:6)
  A steam dragon (D:8)
  Duvessa (D:4)
  An orc warrior (D:8)
  2 ice beasts
  2 black bears
  A centaur (D:6)
  2 kobold brigands
  4 bullfrogs
  A necrophage (D:5)
  A scorpion (D:5)
  Dowan (D:4)
  3 wights (D:6)
  2 jellies (D:5)
  5 hounds
  An orc priest (D:3)
  Natasha (thrice) (D:4)
  Terence (D:2)
  5 iguanas
  2 orc wizards
  3 gnolls (D:7)
  11 adders
  3 shadow imps
  3 white imps
  3 ufetubi
  5 dart slugs
  24 orcs
  12 ball pythons
  5 bats
  6 endoplasms
  2 hobgoblins (D:3)
  14 kobolds
  7 quokkas
  2 frilled lizards
  6 goblins
  5 rats
152 creatures vanquished.

Vanquished Creatures (collateral kills)
  A wyvern (D:6)
1 creature vanquished.

Vanquished Creatures (others)
  A fungus (D:1)
  A plant (D:1)
2 creatures vanquished.

Grand Total: 155 creatures vanquished

Notes
Turn   | Place    | Note
-------+----------+-------------------------------------------
     0 | D:1      | sammy202020 the Demonspawn Berserker began the quest for
                  | the Orb.
     0 | D:1      | Reached XP level 1. HP: 18/18 MP: 1/1
   283 | D:1      | Gained mutation: You are partially covered in sharp spines.
                  | [demonic ancestry]
   283 | D:1      | Reached XP level 2. HP: 22/24 MP: 2/2
   324 | D:1      | Found a faded altar of an unknown god.
   796 | D:2      | Reached XP level 3. HP: 29/29 MP: 3/3
  1060 | D:2      | Noticed Terence
  1074 | D:2      | Killed Terence
  1075 | D:2      | Reached XP level 4. HP: 25/37 MP: 4/4
  1529 | D:2      | Identified a scroll of acquirement
  1529 | D:2      | Acquired a +1 vorpal broad axe
  1680 | D:3      | Reached ** piety under Trog
  1681 | D:3      | Reached XP level 5. HP: 40/42 MP: 5/5
  2111 | D:3      | Found Hupluzed's Book Emporium.
  2142 | D:3      | Found Xypueg's Magic Scroll Emporium.
  2758 | D:4      | Gained mutation: You may rarely emit foul miasma when
                  | damaged in melee. [demonic ancestry]
  2758 | D:4      | Reached XP level 6. HP: 48/48 MP: 6/6
  2826 | D:4      | Noticed Dowan
  2826 | D:4      | Noticed Duvessa
  2835 | D:4      | Killed Duvessa
  2840 | D:4      | Killed Dowan
  3146 | D:4      | Noticed Natasha
  3152 | D:4      | Killed Natasha
  3281 | D:4      | Noticed Grinder
  3294 | D:4      | Killed Grinder
  3295 | D:4      | Reached skill level 5 in Fighting
  3295 | D:4      | Reached XP level 7. HP: 13/56 MP: 7/7
  3369 | D:4      | Noticed Natasha
  3397 | D:4      | Killed Natasha
  3723 | D:4      | Reached skill level 5 in Axes
  3791 | D:4      | Noticed Natasha
  3799 | D:4      | Killed Natasha
  3921 | D:5      | Entered Level 5 of the Dungeon
  4198 | D:5      | Reached XP level 8. HP: 21/64 MP: 8/8
  4730 | D:5      | Reached skill level 5 in Armour
  4879 | D:5      | Found an iron altar of Okawaru.
  4879 | D:5      | Found a shimmering altar of Xom.
  5152 | D:6      | Found Eschi's Magic Scroll Boutique.
  5229 | D:6      | Bought a scroll of identify for 26 gold pieces
  5229 | D:6      | Bought a scroll of enchant weapon for 97 gold pieces
  5229 | D:6      | Bought a scroll of identify for 26 gold pieces
  5229 | D:6      | Bought a scroll of identify for 26 gold pieces
  5257 | D:6      | Found Dapopuan's Magic Scroll Boutique.
  5570 | D:6      | Gained mutation: You sometimes emit foul miasma when
                  | damaged in melee. [demonic ancestry]
  5570 | D:6      | Reached XP level 9. HP: 36/71 MP: 9/9
  5733 | D:6      | Found Lug Nustane's Antique Weapon Emporium.
  5792 | D:6      | Found a staircase to the Ecumenical Temple.
  6094 | D:7      | Reached *** piety under Trog
  7137 | D:8      | Noticed Erica
  7146 | D:8      | Slain by a wyvern

Illustrated notes

Levels and vault maps discovered:
D:1:      dpeg_arrival_round_a, layout_basic,
          shapermc_ecumenical_altar_acropolis
D:2:      layout_loops_ring, uniq_terence
D:3:      layout_basic, serial_shops, nicolae_shop_window_shopping,
          nicolae_diamond_shop, st_stairs_5, minmay_quadrilaterals
D:4:      layout_loops_cross, uniq_natasha, uniq_duvessa, uniq_grinder
D:5:      layout_cave_pools, jmf_multi_god_temple
D:6:      layout_cave_pools, temple_statues, serial_shops, shop,
          nicolae_shop_waterfront, shop
D:7:      layout_basic
D:8:      minmay_clustersquares, layout_basic, introduction_to_nature_1,
          uniq_erica, uniq_maurice

Skill      XL: |  1  2  3  4  5  6  7  8  9 |
---------------+----------------------------+-----
Armour         | 2 3 4 5 6 |  6.5
Axes           | 3 4 5 6 7 |  7.0
Dodging        | 2 3 4 |  4.8
Fighting       | 4 5 6 7 |  7.5

Action                   |  1- 3 |  4- 6 |  7- 9 || total
-------------------------+-------+-------+-------++-------
Melee: Hand axe          |    56 |     9 |       ||    65
       Punch             |     1 |     2 |       ||     3
       Broad axe         |       |    87 |   149 ||   236
Invok: Berserk           |     1 |     1 |     1 ||     3
  Use: Scroll            |       |     4 |    16 ||    20
       Potion            |       |       |     1 ||     1
Armor: Animal skin       |     9 |       |       ||     9
       Scale mail        |       |    44 |    63 ||   107
       Plate armour      |       |       |     8 ||     8
Dodge: Dodged            |    42 |    67 |    90 ||   199
Block: Buckler           |       |       |    14 ||    14

Table legend: (Time is in decaauts)
 A = Elapsed time spent in this place.
 B = Non-inter-level travel time spent in this place.
 C = Inter-level travel time spent in this place.
 D = Time resting spent in this place.
 E = Time spent auto-exploring this place.
 F = Levels seen in this place.
 G = Mean time per level.
                   A        B        C        D        E       F      G
               +--------+--------+--------+--------+--------+-----+--------+
         Total |   7292 |   7201 |     91 |    720 |   5234 |   8 |  911.5 |
       Dungeon |   7292 |   7201 |     91 |    720 |   5234 |   8 |  911.5 |
               +--------+--------+--------+--------+--------+-----+--------+

Top non-repeatable levels by time:
     D:4: 1252 daAuts
     D:5: 1250 daAuts
     D:3: 1174 daAuts
     D:6: 885 daAuts
     D:2: 846 daAuts
     D:7: 782 daAuts
     D:1: 720 daAuts
     D:8: 381 daAuts
